 Dungeon Crawl Stone Soup version 0.26.0-16-gc1dbca0489 (webtiles) character file.

Game seed: 4440695519544970600

14108 Marvel the Cleaver (level 12, -9/104 HPs)
             Began as a Hill Orc Fighter on Jan 20, 2021.
             Was a Priest of Okawaru.
             Mangled by a swamp worm (15 damage)
             ... on level 11 of the Dungeon.
             The game lasted 00:21:20 (12704 turns).

Marvel the Cleaver (Hill Orc Fighter)              Turns: 12704, Time: 00:21:20

Health: -9/104     AC: 17    Str: 23 (24) XL:     12   Next: 13%
Magic:  12/12      EV:  7    Int:  8      God:    Okawaru [***...]
Gold:   470        SH: 12    Dex: 10      Spells: 11/11 levels left

rFire    . . .     SeeInvis .   C - +4 broad axe
rCold    . . .     Faith    .   c - +0 kite shield
rNeg     + + .     Spirit   .   n - +0 plate armour
rPois    .         Reflect  .   w - +1 hat
rElec    .         Harm     .   (no cloak)
rCorr    .         Rampage  .   z - +0 pair of gloves
Will     .....                  (no boots)
Stlth    ..........             (no amulet)
HPRegen  0.27/turn              L - ring of positive energy
MPRegen  0.13/turn              o - ring of positive energy

@: studying Staves
A: no striking features
a: Renounce Religion, Heroism


You were on level 11 of the Dungeon.
You worshipped Okawaru.
Okawaru was most pleased with you.
You visited 2 branches of the dungeon, and saw 12 of its levels.

You collected 575 gold pieces.
You spent 105 gold pieces at shops.

Inventory:

Hand Weapons
 b - a +1 hand axe of draining
 C - a +4 broad axe (weapon)
Missiles
 g - 5 javelins
 i - 5 silver javelins
 r - 63 poisoned darts (quivered)
 t - 6 boomerangs
Armour
 c - a +0 kite shield (worn)
 n - a +0 plate armour (worn)
 w - a +1 hat (worn)
 z - a +0 pair of gloves (worn)
 D - +0 steam dragon scales
Jewellery
 f - an uncursed ring of wizardry
 j - an uncursed ring of stealth
 o - a ring of positive energy (right hand)
 J - an uncursed ring of ice
 K - an uncursed ring of positive energy
 L - a ring of positive energy (left hand)
 P - an uncursed ring of magical power
 R - an uncursed amulet of the acrobat {unknown}
Wands
 x - a wand of enslavement (11)
 A - a wand of paralysis (14)
 G - a wand of polymorph (5)
 N - a wand of flame (14)
 O - a wand of acid (8)
Scrolls
 k - a scroll of enchant armour {unknown}
 l - 5 scrolls of remove curse {unknown}
 m - 9 scrolls of identify {unknown}
 p - 4 scrolls of fog {unknown}
 q - a scroll of enchant weapon
 E - 3 scrolls of amnesia
 H - a scroll of immolation
 M - a scroll of silence
 Q - a scroll of vulnerability
Potions
 a - a potion of lignification
 d - 2 potions of might
 e - a potion of invisibility
 h - 4 potions of curing
 s - 2 potions of resistance
 u - 3 potions of flight
 v - a potion of heal wounds
Books
 I - a manual of Staves
Miscellaneous
 S - a phial of floods


   Skills:
 + Level 9.3 Fighting
 + Level 14.4 Axes
 + Level 0.1(8.0) Maces & Flails
 + Level 1.8 Throwing
 + Level 11.1 Armour
 + Level 2.0 Dodging
 + Level 1.3 Stealth
 + Level 10.3 Shields


You had 11 spell levels left.
You didn't know any spells.
Your spell library contained the following spells:

 Spells                   Type           Power        Failure   Level
 Magic Dart               Conj           0%           100%        1
 Sandblast                Erth           0%           100%        1
 Blink                    Tloc           N/A          100%        2
 Call Imp                 Summ           0%           100%        2
 Passwall                 Tmut/Erth      0%           100%        2
 Slow                     Hex            0%           100%        2
 Conjure Flame            Conj/Fire      0%           100%        3
 Mephitic Cloud           Conj/Pois/Air  0%           100%        3
 Stone Arrow              Conj/Erth      0%           100%        3
 Petrify                  Tmut/Erth      0%           100%        4
 Lee's Rapid Deconstruct  Erth           0%           100%        5


Dungeon Overview and Level Annotations

Branches:
Dungeon (11/15)            Temple (1/1) D:5            Lair (0/6) D:10
    Orc (0/2) D:10

Altars:
Ashenzari
Cheibriados
Elyvilon
Kikubaaqudgha
Makhleb
Okawaru
Qazlal
Ru
Sif Muna
Uskayaw
Vehumet
Wu Jian
Xom
Yredelemnul
Zin

Shops:
D:5 [   D:6 (   D:10 [


Message History

* * * LOW HITPOINT WARNING * * *
You slash the swamp worm!
The swamp worm is heavily wounded.
The swamp worm bites you.
* * * LOW HITPOINT WARNING * * *
You block the swamp worm's attack.
You slash the swamp worm!
The swamp worm is severely wounded.
You block the swamp worm's attack.
You hit the swamp worm.
The swamp worm is almost dead.
The swamp worm bites you!
* * * LOW HITPOINT WARNING * * *
You barely miss the swamp worm.
The swamp worm is almost dead.
You block the swamp worm's attack.
You hit the swamp worm but do no damage.
The swamp worm is almost dead.
The swamp worm bites you!
You die...

# #..###.#####...##
######.## ##..#
#...#
........###.###
...#..
.#####.#.#.##
#..#...# .#
#.##.######.#.....#
.# #.##.....###
...... .#
#.###.##.## ##
##.#≈≈≈≈≈..#### #
##..≈≈≈≈≈≈≈..@.# #
#.≈≈≈≈###≈≈≈≈#w# #
#≈≈≈###≈###≈≈≈.# #
#≈≈##≈:≈$≈#≈≈≈.# #
#≈≈#≈≈≈≈≈≈≈≈≈≈.#
####≈≈##≈≈≈≈≈#≈≈≈.#
...#≈≈≈###≈###≈≈≈##
##.#.≈≈≈≈###≈≈≈≈##
##.#..#≈≈≈≈≈≈≈###


You could see a swamp worm.

Vanquished Creatures
  Gastronok (D:9)
  Fannar (D:10)
  2 two-headed ogres
  Urug (D:10)
  Nergalle (D:10)
  2 ugly things (D:11)
  A gargoyle (D:10)
  Joseph (D:9)
  Maggie (D:6)
  2 trolls
  12 yaks
  2 swamp worms (D:11)
  7 orc warriors
  2 ice beasts
  An eye of draining (D:10)
  A black bear (D:6)
  2 sky beasts
  A hornet zombie (D:10)
  6 ogres
  3 centaurs
  5 big kobolds (D:10)
  6 bullfrogs
  5 gnoll sergeants
  A wyvern skeleton (D:7)
  4 scorpions
  3 killer bees
  3 wights (D:8)
  11 howler monkeys
  A centaur zombie (D:5)
  A quasit (D:9)
  8 hounds
  2 jellies
  A bullfrog skeleton (D:4)
  3 orc priests
  A gnoll shaman (D:10)
  10 orc wizards
  3 iguanas
  6 worker ants
  A killer bee zombie (D:4)
  A hound zombie (D:5)
  A hound skeleton (D:9)
  A worker ant zombie (D:6)
  A howler monkey skeleton (D:8)
  10 adders
  7 gnolls
  A shadow imp (D:8)
  6 white imps
  2 ufetubi (D:5)
  An ooze (D:7)
  3 worms
  5 dart slugs
  6 leopard geckos
  35 orcs
  9 bats
  8 giant cockroaches
  13 goblins
  11 hobgoblins
  13 kobolds
  3 quokkas (D:3)
  2 ball pythons
  6 frilled lizards
  A leopard gecko zombie (D:5)
  A quokka zombie (D:7)
  13 rats
285 creatures vanquished.

Vanquished Creatures (others)
  2 ogres (D:5)
  A centaur (D:5)
  An orc wizard (D:5)
  A worker ant (D:5)
  An orc (D:5)
  A quokka (D:5)
  A jackal skeleton (D:5)
  A butterfly (D:5)
  33 plants
42 creatures vanquished.

Grand Total: 327 creatures vanquished

Notes
Turn   | Place    | Note
-------+----------+-------------------------------------------
     0 | D:1      | Marvel the Hill Orc Fighter began the quest for the Orb.
     0 | D:1      | Reached XP level 1. HP: 19/19 MP: 1/1
   165 | D:1      | Reached XP level 2. HP: 24/27 MP: 2/2
   345 | D:1      | Reached XP level 3. HP: 33/33 MP: 3/3
   368 | D:1      | Reached skill level 3 in Axes
   989 | D:2      | Reached XP level 4. HP: 32/40 MP: 4/4
  1703 | D:3      | Reached skill level 4 in Axes
  2200 | D:3      | Reached XP level 5. HP: 44/44 MP: 5/5
  2207 | D:3      | Reached skill level 1 in Dodging
  2778 | D:3      | Found a burning altar of Makhleb.
  3153 | D:4      | Reached XP level 6. HP: 51/53 MP: 6/6
  3337 | D:4      | Reached skill level 5 in Axes
  3558 | D:4      | Reached skill level 5 in Armour
  3767 | D:5      | Entered Level 5 of the Dungeon
  3767 | D:5      | Found a sacrificial altar of Ru.
  3767 | D:5      | Found an ornate altar of the Wu Jian Council.
  3769 | D:5      | Found a snail-covered altar of Cheibriados.
  3769 | D:5      | Found a radiant altar of Vehumet.
  3769 | D:5      | Found a white marble altar of Elyvilon.
  3769 | D:5      | Found a stormy altar of Qazlal.
  3770 | D:5      | Found an ancient bone altar of Kikubaaqudgha.
  3834 | D:5      | Found a shimmering altar of Xom.
  3890 | D:5      | Reached skill level 6 in Axes
  3890 | D:5      | Reached XP level 7. HP: 52/60 MP: 7/7
  3986 | D:5      | Found Tyat Eki's Antique Armour Emporium.
  4001 | D:5      | Bought a glowing hat for 105 gold pieces
  4016 | D:5      | Found a staircase to the Ecumenical Temple.
  4120 | D:5      | Reached skill level 5 in Shields
  4359 | D:5      | Found a broken altar of Ashenzari.
  4654 | D:6      | Found Sossonna's Weapon Shoppe.
  4725 | D:6      | Noticed Maggie
  4744 | D:6      | Killed Maggie
  4745 | D:6      | Reached skill level 5 in Fighting
  4745 | D:6      | Reached skill level 7 in Axes
  4745 | D:6      | Reached XP level 8. HP: 32/68 MP: 8/8
  5084 | D:6      | Reached skill level 8 in Axes
  5726 | D:7      | Noticed a troll
  5743 | D:7      | Killed a troll
  5744 | D:7      | Reached skill level 9 in Axes
  5744 | D:7      | Reached XP level 9. HP: 63/74 MP: 9/9
  6520 | D:7      | Reached skill level 10 in Axes
  6572 | D:7      | Found a hide-covered altar of Uskayaw.
  6572 | D:7      | Noticed a +0 dagger
  6572 | D:7      | Noticed a +0 dagger
  6959 | Temple   | Entered the Ecumenical Temple
  7031 | D:8      | Noticed a two-headed ogre
  7202 | D:8      | Killed a two-headed ogre
  7203 | D:8      | Reached skill level 1 in Throwing
  7203 | D:8      | Reached XP level 10. HP: 43/83 MP: 10/10
  7255 | D:8      | Reached skill level 11 in Axes
  7568 | D:8      | Found a basalt altar of Yredelemnul.
  8124 | D:9      | Noticed Gastronok
  8155 | D:9      | Killed Gastronok
  8156 | D:9      | Reached skill level 12 in Axes
  8480 | D:9      | Got a polished mace
  8481 | D:9      | Identified the +7 mace "Cudypeah" {vorpal, Fragile Int+5}
                  | (You found it on level 9 of the Dungeon)
  8585 | D:9      | Noticed Joseph
  8598 | D:9      | Killed Joseph
  8689 | D:9      | You fall into a shaft and drop 1 floor!
  8689 | D:10     | Entered Level 10 of the Dungeon
  8712 | D:10     | Reached skill level 10 in Armour
  8712 | D:10     | Reached XP level 11. HP: 83/92 MP: 11/11
  8715 | D:10     | Noticed Urug
  8760 | D:10     | Killed Urug
  9026 | D:10     | Reached skill level 1 in Stealth
  9221 | D:10     | Found a staircase to the Lair.
  9224 | D:10     | Noticed Nergalle
  9275 | D:10     | Killed Nergalle
  9295 | D:10     | Reached skill level 13 in Axes
  9435 | D:10     | Found a white marble altar of Elyvilon.
  9615 | Temple   | Became a worshipper of Warmaster Okawaru
 10384 | D:10     | Found Omipom's Armour Boutique.
 10393 | D:10     | Noticed Fannar
 10459 | D:10     | Killed Fannar
 10806 | D:10     | Reached * piety under Okawaru
 10989 | D:10     | Found a staircase to the Orcish Mines.
 11068 | D:10     | Reached skill level 10 in Shields
 11262 | D:11     | Reached ** piety under Okawaru
 11502 | D:11     | Noticed a two-headed ogre
 11509 | D:11     | Killed a two-headed ogre
 11510 | D:11     | Reached skill level 14 in Axes
 12115 | D:11     | Noticed a purple ugly thing
 12128 | D:11     | Killed a purple ugly thing
 12129 | D:11     | Reached XP level 12. HP: 49/104 MP: 12/12
 12376 | D:11     | Reached *** piety under Okawaru
 12704 | D:11     | Mangled by a swamp worm

Illustrated notes

Levels and vault maps discovered:
D:1:      roderic_crop_circles_arrival_small, layout_loops_ring,
          kennysheep_pointless_box, st_stairs_8, minmay_indecisive_spiral
D:2:      layout_loops_ring
D:3:      layout_basic, lemuel_doored_altar
D:4:      layout_rooms, nicolae_overflow_hidden_temple
D:5:      layout_rooms, grunt_temple_overflow_open, xom_confusion_cloud,
          cheibrodos_ashenzari_chains, minmay_temple_entry_butterflies,
          serial_shops, nicolae_shop_crystal
D:6:      layout_basic, serial_shops, shop, uniq_maggie
D:7:      layout_loops_ring, dancing_weapons_uskayaw, glass_columns_b,
          minmay_manual_mandibuliform
D:8:      layout_loops_cross, kennysheep_mini_moat
D:9:      layout_basic, uniq_gastronok, uniq_joseph
D:10:     layout_loops_ring, lair_entry_dummy,
          kennysheep_orc_monster_closet_entryway, serial_shops,
          nicolae_shop_window_shopping, elyvilon_altar_3, uniq_urug,
          uniq_fannar, uniq_nergalle
D:11:     layout_loops_cross, grunt_decor_fettered, hangedman_decor_slide_cut,
          worms_lemuel
Temple:   compressed_dpeg_triangle_lava_temple

Skill      XL: |  1  2  3  4  5  6  7  8  9 10 11 12 |
---------------+-------------------------------------+-----
Fighting       | 4 5 6 7 9 |  9.3
Axes           | 3 4 6 7 9 10 12 14 | 14.4
Armour         | 4 5 7 8 10 11 | 11.1
Shields        | 4 5 6 8 9 10 | 10.3
Dodging        | 1 2 |  2.0
Throwing       | 1 |  1.8
Stealth        | 1 |  1.3
Maces & Flails | |  0.1

Action                   |  1- 3 |  4- 6 |  7- 9 | 10-12 || total
-------------------------+-------+-------+-------+-------++-------
Melee: War axe           |   106 |   102 |       |       ||   208
       Hand axe          |       |   122 |   301 |   392 ||   815
       Mace              |       |       |       |     5 ||     5
       Broad axe         |       |       |       |   277 ||   277
Throw: Dart              |       |     4 |     6 |    15 ||    25
  Use: Potion            |       |       |     1 |    10 ||    11
       Scroll            |       |       |       |    15 ||    15
 Stab: Invisible         |       |       |       |     2 ||     2
Armor: Scale mail        |    39 |    51 |       |       ||    90
       Plate armour      |       |   104 |   162 |   210 ||   476
       Skin              |       |       |       |    22 ||    22
Dodge: Dodged            |    29 |    53 |    52 |   120 ||   254
Block: Kite shield       |    73 |   131 |   156 |   323 ||   683
